[Event "*** Titled Tuesday Blitz"]
[Site "Chess.com"]
[Date "2020.11.10"]
[Round "10"]
[White "northridgehawk"]
[Black "jacky72"]
[Result "0-1"]
[WhiteElo "2294"]
[BlackElo "2535"]
[TimeControl "180+1"]
[EndTime "12:02:19 PST"]
[Termination "jacky72 won on time"]

1. e4 d6 2. d4 Nc6 3. Nc3 e5 4. Nge2 g6 5. Be3 Bg7 6. f3 Nf6 7. Qd2 exd4 8. Nxd4 Ne5 9. O-O-O a6 10. h4 b5 11. Kb1 b4 12. Nd5 Nxd5 13. exd5 Bd7 14.
h5 a5 15. g4 a4 16. h6 Bf6 17. Be2 O-O 18. Rdg1 Re8 19. f4 Nxg4 20. Bxg4 Bxg4 21. Rxg4 Qe7 22. Rg3 b3 23. axb3 axb3 24. Nxb3 Qe4 25. Rhg1 Qa4 26. Qd3 Qa2+ 27. Kc1 Qxb2+ 28. Kd2 Ra4 29.
f5 Kh8 30. fxg6 hxg6 31. Rg4 Rxg4 32. Rxg4 Kh7 33. Rf4 Kg8 34. Bd4 Qb1 35. h7+ Kxh7 36. Qh3+ Kg8 37. Bxf6 Qe1+ 38. Kd3 Qe2+ 39. Kc3 Re3+ 40.
Kb2 Rxh3 41. Rb4 g5 42. Nd4 Qe4 43. Rb8+ Kh7 44. Rh8+ Kg6 45. Rxh3 Kxf6 46. Rf3+ Ke5 47. Rd3 Qxd3 48. Nc6+ Kxd5 49. Nb4+ Kd4 50. Nxd3 g4 51. Kc1 Ke3 52. Kd1 g3 53. Ne1 f5 54. Ng2+ Kf2 0-1

[Event "*** Titled Tuesday Blitz"]
[Site "Chess.com"]
[Date "2020.11.10"]
[Round "10"]
[White "Vsevolod_Ovchinnikov"]
[Black "MarcoRiehle"]
[Result "0-1"]
[WhiteElo "2526"]
[BlackElo "2678"]
[TimeControl "180+1"]
[EndTime "12:02:20 PST"]
[Termination "MarcoRiehle won by resignation"]

1. d4 d5 2. c4 e6 3. Nf3 Nf6 4. g3 dxc4 5. Bg2 c5 6. O-O Nc6 7. Qa4 cxd4 8. Nxd4 Qxd4 9. Bxc6+ Bd7 10. Rd1 Bxc6 11. Qxc6+ Qd7 12. Rxd7 bxc6 13. Rd4 Rd8 14. Rxc4 Rd1+ 15. Kg2 Kd7 16. Nc3 Re1 17. b3 Nd5 18. Bb2 Rxa1 19. Bxa1 f6 20. Ne4 Bd6 21. Ra4 Ra8 22. Bd4 a6 23. Bc5 Bxc5 24. Nxc5+ Kd6 25. Ne4+ Kc7 26. e3 Kb6 27. Rc4 Rd8 28. Nc5 e5 29. Na4+ Kc7 30. Kf3 Nb6 31. Nxb6 Kxb6 32.
Ke2 c5 33. g4 Kb5 34. h4 Rd7 35. h5 g6 36. hxg6 hxg6 37. Rc1 Rh7 38. Rd1 f5 39. gxf5 gxf5 40. Rd5 Re7 41. a3 Kc6 42. Rd3 Rb7 43. Rc3 Kd5 44. Kd3 Rxb3 45. Rxb3 c4+ 46. Kc3 cxb3 47.
Kxb3 Ke4 48. Kc4 Kf3 49. Kd5 e4 50. a4 Kxf2 51. a5 Kxe3 52. Kc6 f4 53. Kb6 f3 54. Kxa6 f2 55. Kb7 f1=Q 56. a6 Qb5+ 57. Ka7 Qc6 0-1

[Event "*** Titled Tuesday Blitz"]
[Site "Chess.com"]
[Date "2020.11.10"]
[Round "10"]
[White "ViktoriyaTarasova"]
[Black "guillembaches"]
[Result "0-1"]
[WhiteElo "2257"]
[BlackElo "2385"]
[TimeControl "180+1"]
[EndTime "12:02:20 PST"]
[Termination "guillembaches won by resignation"]

1. d4 Nf6 2. c4 e6 3. Nc3 Bb4 4. Nf3 b6 5. e3 Bxc3+ 6. bxc3 O-O 7. Bd3 Bb7 8. O-O d6 9. Qc2 Nbd7 10. Nd2 Qe7 11. a4 a5 12. f4 e5 13. fxe5 dxe5 14. e4 c5 15. d5 Ne8 16. Rf2 Nd6 17. Nf1 Ba6 18. Ne3 g6 19. g4 Nf6 20. Bd2 h5 21. h3 Bc8 22. Raf1 Nh7 23. Rg2 hxg4 24. Nxg4 Bxg4 25.
Rxg4 Kh8 26. Bh6 Rg8 27. Kh2 f6 28. Bd2 Raf8 29. h4 Rf7 30. Rfg1 Nf8 31. Bh6 Rh7 32. Bxf8 Qxf8 33. Qf2 Rh6 34. Qg3 Kh7 35. Kg2 Qf7 36.
Rf1 Qe7 37. Qf3 Kg7 38. Qg3 Kf7 39. Rh1 Ke8 40. h5 g5 41. Be2 Kd7 42. Qe3 Kc7 43.
Rg3 Rgh8 44. Bg4 Qe8 45. Qf3 Qxa4 46. Rf1 Qxc4 47. Rb1 Qxe4 48. Qxe4 Nxe4 49. Rf3 Nd2 0-1

[Event "*** Titled Tuesday Blitz"]
[Site "Chess.com"]
[Date "2020.11.10"]
[Round "10"]
[White "Nara_Kh"]
[Black "MatyChess1"]
[Result "0-1"]
[WhiteElo "2371"]
[BlackElo "2566"]
[TimeControl "180+1"]
[EndTime "12:02:21 PST"]
[Termination "MatyChess1 won by resignation"]

1. e4 c5 2. Nf3 g6 3. d4 cxd4 4. Nxd4 Bg7 5. Nc3 Nc6 6. Be3 Nf6 7. Bc4 O-O 8. f3 Qb6 9. Bb3 Nxe4 10. fxe4 Bxd4 11. Bxd4 Qxd4 12. Qxd4 Nxd4 13. O-O-O Nc6 14. Nd5 Rb8 15. e5 Kg7 16. Rhe1 e6 17. Nc3 b5 18. a4 a6 19. Rd6 b4 20. Nd1 Rd8 21. Nf2 Bb7 22.
Nd3 Na5 23. g3 Nxb3+ 24. cxb3 Bd5 25. Kd2 Bxb3 26. Nc5 Bd5 27. Nxa6 Ra8 28. Nxb4 Rxa4 29. Nxd5 exd5 30. Rxd5 Rb8 31. Rb1 Rb7 32. Kc3 Kf8 33. b4 Ke7 34. Kc4 Ke6 35. Rc5 Ra2 36. Rd1 Rc2+ 37.
Kd4 Rxb4+ 38. Kd3 Rxc5 0-1

[Event "*** Titled Tuesday Blitz"]
[Site "Chess.com"]
[Date "2020.11.10"]
[Round "10"]
[White "zivicd"]
[Black "SlavenPastar"]
[Result "0-1"]
[WhiteElo "2238"]
[BlackElo "2502"]
[TimeControl "180+1"]
[EndTime "12:02:21 PST"]
[Termination "SlavenPastar won on time"]

1. e4 b6 2. d4 Bb7 3. Bd3 Nf6 4.
Qe2 e6 5. c3 c5 6. f4 cxd4 7. cxd4 Bb4+ 8. Bd2 Nc6 9. Nf3 Bxd2+ 10.
Qxd2 d5 11. e5 Ne4 12. Qe2 Nb4 13. Bb5+ Bc6 14. Bxc6+ Nxc6 15. O-O Rc8 16. Nbd2 Nxd2 17. Qxd2 Qe7 18. Rac1 O-O 19. Rc3 Na5 20. Rfc1 Rxc3 21. Qxc3 h6 22. Qc7 Re8 23. Qxe7 Rxe7 24. Nd2 g6 25.
Kf2 Rd7 26. b4 Nc4 27. Nxc4 Rc7 28. Ke3 b5 29. Kd3 Kf8 30. Rc2 Rxc4 31. a3 Ke7 32. g3 Kd7 33. h4 h5 34. Rc3 Kc6 35. Rc2 Kb6 36. Rc3 a5 37. bxa5+ Kxa5 38. Rb3 Ka4 0-1

[Event "*** Titled Tuesday Blitz"]
[Site "Chess.com"]
[Date "2020.11.10"]
[Round "10"]
[White "GukeshDommaraju"]
[Black "petrpalachev"]
[Result "1-0"]
[WhiteElo "2877"]
[BlackElo "2740"]
[TimeControl "180+1"]
[EndTime "12:02:23 PST"]
[Termination "GukeshDommaraju won on time"]

1. d4 Nf6 2. Nf3 e6 3. Bf4 d5 4. e3 Bd6 5. Nbd2 c5 6. dxc5 Bxc5 7. Bd3 Nc6 8. O-O O-O 9. c4 h6 10. h3 b6 11. a3 Bb7 12. b4 Bd6 13. Bxd6 Qxd6 14.
Qe2 Rac8 15. cxd5 Nxd5 16. Nc4 Qe7 17. Rac1 Rfd8 18. Rfd1 Qf6 19. Qe1 b5 20. Ncd2 Ne5 21. Nxe5 Qxe5 22. Nf3 Qb2 23. Rxc8 Rxc8 24. Ra1 Rc3 25.
Bxb5 Rxa3 26. Rb1 Qc3 27. Qd1 Nxb4 28. Qd8+ Kh7 29. Nd4 Ra1 30. Rxa1 Qxa1+ 31. Kh2 Bd5 32. Qe7 Qa5 33. Qxf7 a6 34. Bd7 Qc7+ 35. f4 Qc3 36.
Bxe6 Qxe3 37. Qf5+ 1-0

[Event "*** Titled Tuesday Blitz"]
[Site "Chess.com"]
[Date "2020.11.10"]
[Round "10"]
[White "enriquetejedor"]
[Black "stepanosinovsky"]
[Result "1-0"]
[WhiteElo "2475"]
[BlackElo "2353"]
[TimeControl "180+1"]
[EndTime "12:02:23 PST"]
[Termination "enriquetejedor won by checkmate"]

1. e4 e5 2. Be2 Nf6 3. d3 b6 4. c3 Bb7 5. Nf3 Nc6 6. O-O d6 7. Nbd2 Qd7 8. a4 g6 9. Re1 Bg7 10. Nc4 a5 11. Bf1 O-O 12. h3 Rfe8 13. Ra2 d5 14.
exd5 Nxd5 15. Ne3 Nf4 16. Ng4 h5 17. Ngh2 Nd5 18. Bd2 Rad8 19. Ra1 Nde7 20. Bg5 f6 21. Be3 Nf5 22. Qc2 Kh8 23. Rad1 Qf7 24. Bc1 Nce7 25. g3 Nd5 26. Bg2 Bf8 27. Nd2 h4 28. Ne4 hxg3 29. fxg3 Ng7 30. g4 f5 31. Ng5 Qd7 32.
Qf2 Bc5 33. d4 exd4 34. Qh4+ Kg8 35. Qh7+ Kf8 36. Qh8# 1-0

[Event "*** Titled Tuesday Blitz"]
[Site "Chess.com"]
[Date "2020.11.10"]
[Round "10"]
[White "FMOlexandrProhorov"]
[Black "ErikRonka"]
[Result "0-1"]
[WhiteElo "2153"]
[BlackElo "2396"]
[TimeControl "180+1"]
[EndTime "12:02:23 PST"]
[Termination "ErikRonka won on time"]

1. e4 c5 2. c3 Nf6 3. e5 Nd5 4. Bc4 e6 5. Nf3 d6 6. exd6 Bxd6 7. d4 cxd4 8. Qxd4 O-O 9. O-O Nc6 10. Qe4 Nce7 11. Rd1 Qc7 12. Bd3 Ng6 13. h4 Nf6 14. Qe2 b6 15. Bg5 Nf4 16. Bxf4 Bxf4 17. Na3 Bb7 18. Nb5 Qe7 19. Nbd4 a6 20. a4 Rfd8 21. Bc2 Re8 22. Bb3 Nd5 23. g3 Bd6 24. Re1 Bc5 25. Rad1 Qc7 26. Bc2 Nf6 27. b4 Bf8 28. c4 Bxb4 29.
Rf1 Rad8 30. Ne5 Bc5 31. Nb3 Bd6 32. f4 Nd7 33. Rde1 Nf8 34. Kh2 Rc8 35. Bd3 Rcd8 36. h5 h6 37. Kh3 Nd7 38. Nxd7 Rxd7 0-1

[Event "*** Titled Tuesday Blitz"]
[Site "Chess.com"]
[Date "2020.11.10"]
[Round "10"]
[White "ljuks68"]
[Black "Savagelittlemole"]
[Result "0-1"]
[WhiteElo "2387"]
[BlackElo "2574"]
[TimeControl "180+1"]
[EndTime "12:02:24 PST"]
[Termination "Savagelittlemole won on time"]

1. e4 c5 2. Nf3 d6 3. d4 cxd4 4.
Nxd4 Nf6 5. Nc3 a6 6. Bg5 Nbd7 7. Qe2 h6 8. Bd2 e5 9. Nf5 Nc5 10. Ng3 Be7 11. O-O-O O-O 12. f4 Bg4 13. Qe1 Bxd1 14.
Qxd1 b5 15. a3 Rb8 16. Bd3 Nxd3+ 17. cxd3 b4 18. axb4 Rxb4 19. Nf5 Rb7 20. Qf3 Qb6 21.
Nd1 Rc8+ 22. Bc3 Bf8 23. g4 Qa5 24. g5 Rxc3+ 25. Nxc3 Qa1+ 26. Kd2 Qxb2+ 27. Ke3 exf4+ 28. Qxf4 hxg5 29. Qxg5 Qxc3 30. Rg1 g6 31. Nh6+ Bxh6 32. Qxh6 Rb2 33. Rxg6+ fxg6 34. Qxg6+ Kf8 35. Qh6+ Ke7 36. Qg7+ Ke6 0-1

[Event "*** Titled Tuesday Blitz"]
[Site "Chess.com"]
[Date "2020.11.10"]
[Round "10"]
[White "vladislavkovalev"]
[Black "Bigfish1995"]
[Result "0-1"]
[WhiteElo "2853"]
[BlackElo "2979"]
[TimeControl "180+1"]
[EndTime "12:02:25 PST"]
[Termination "Bigfish1995 won by resignation"]

1. e4 c5 2. Nf3 d6 3. d4 cxd4 4. Nxd4 Nf6 5. Nc3 a6 6. Rg1 h5 7. Bg5 Nbd7 8. Qd2 e6 9. O-O-O Qc7 10. f4 b5 11. Bd3 b4 12. Nce2 Bb7 13. Qe3 Ng4 14.
Qg3 Nc5 15. h3 Nxd3+ 16. Rxd3 Nf6 17. Bxf6 gxf6 18. Qe3 Rc8 19. Kb1 h4 20. Rd2 Be7 21. Re1 d5 22. e5 f5 23. Ng1 Bc5 24. Ngf3 Qb6 25. Red1 a5 26. Qe1 a4 27. Nxh4 b3 28. cxb3 axb3 29. a3 Ba6 30. Nhf3 Bc4 31. Rc1 Qa6 32.
Qe3 Ra8 33. Qc3 Qa4 34. Ne1 Bb6 35. Qe3 Rg8 36. Rc3 Ba5 37. Nef3 Rc8 38. Rc1 Bxd2 39. Qxd2 Qa6 40. Rc3 Rg3 41. Nxb3 Bxb3 42. Rxb3 Qf1+ 43.
Ka2 Rxg2 44. Qa5 Qc4 45. Ng5 Rxb2+ 46. Kxb2 Qc1+ 0-1

[Event "*** Titled Tuesday Blitz"]
[Site "Chess.com"]
[Date "2020.11.10"]
[Round "10"]
[White "GothamChess"]
[Black "ViditYT"]
[Result "1-0"]
[WhiteElo "2659"]
[BlackElo "2848"]
[TimeControl "180+1"]
[EndTime "12:02:25 PST"]
[Termination "GothamChess won by resignation"]

1. e4 c5 2. a3 Nc6 3. b4 cxb4 4.
axb4 Nxb4 5. c3 Nc6 6. d4 d6 7. d5 Ne5 8. f4 Nd7 9. Nf3 Qc7 10. c4 Ngf6 11. Nc3 g6 12. Nb5 Qb6 13. e5 Ng4 14. Qe2 dxe5 15. h3 e4 16. hxg4 exf3 17. gxf3 Bg7 18. Be3 Qd8 19. Nd4 Nf6 20. f5 O-O 21.
Rd1 Qd6 22. Kf2 Bd7 23. c5 Qxd5 24. Ne6 Nxg4+ 25. Kg1 Qxf5 26. Nxg7 Qe5 27. fxg4 Qg3+ 28. Bg2 Bxg4 29. Qe1 Qxe1+ 30. Rxe1 Kxg7 31. Bh6+ Kg8 32. Bxf8 Kxf8 33. Rh4 h5 34. Bxb7 Rb8 35. c6 f6 36.
Rxg4 hxg4 37. c7 1-0

[Event "*** Titled Tuesday Blitz"]
[Site "Chess.com"]
[Date "2020.11.10"]
[Round "10"]
[White "martynkovaelena"]
[Black "Skat2704"]
[Result "0-1"]
[WhiteElo "2258"]
[BlackElo "2397"]
[TimeControl "180+1"]
[EndTime "12:02:25 PST"]
[Termination "Skat2704 won by resignation"]

1. e4 c6 2. d4 d5 3. exd5 cxd5 4. c4 e6 5. Nf3 Nc6 6. Nc3 Nf6 7. Bd3 Be7 8. O-O O-O 9. Re1 b6 10. cxd5 exd5 11.
Bg5 h6 12. Bh4 Bg4 13. Be2 Ne4 14. Bxe7 Nxe7 15. Ne5 Bxe2 16. Qxe2 Nxc3 17. bxc3 Nf5 18. Qg4 Qg5 19. Qxg5 hxg5 20. Nf3 f6 21. g4 Nd6 22. Re7 Ne4 23. c4 Rfe8 24. Rxe8+ Rxe8 25. cxd5 Nc3 26. d6 Rd8 27. a4 Rxd6 28. a5 Ne2+ 29.
Kg2 Nxd4 30. axb6 axb6 31. Nxd4 Rxd4 32. Rb1 Rd6 33. Kf3 Kf7 34. Ke4 Ke6 35. Rb5 Rc6 36. f3 g6 37. h3 f5+ 38. gxf5+ gxf5+ 39. Kd4 Rd6+ 40. Ke3 Kf6 41. f4 Rc6 42. fxg5+ Kxg5 43. Kd4 Kf4 44. h4 Kg4 45. h5 f4 46. Ke4 Re6+ 47. Re5 Rxe5+ 48. Kxe5 f3 49. h6 f2 50. h7 f1=Q 51.
h8=Q Qa1+ 0-1

[Event "*** Titled Tuesday Blitz"]
[Site "Chess.com"]
[Date "2020.11.10"]
[Round "10"]
[White "ailime26"]
[Black "novocane"]
[Result "0-1"]
[WhiteElo "1979"]
[BlackElo "2286"]
[TimeControl "180+1"]
[EndTime "12:02:25 PST"]
[Termination "novocane won by resignation"]

1. e4 c5 2. Nf3 Nc6 3. d4 cxd4 4. Nxd4 e5 5. Nb5 d6 6. N1c3 a6 7. Na3 Be7 8. Nd5 Nf6 9. Nxf6+ Bxf6 10. Be3 b5 11. c3 O-O 12. f3 Be6 13. Nc2 d5 14. Qd2 dxe4 15. fxe4 Qc7 16. O-O-O Rfd8 17. Qe1 b4 18. c4 a5 19. h3 a4 20. Nxb4 Nxb4 21. Qxb4 Rdb8 22. Qc3 Rb7 23. Rd2 Rab8 24. g4 Be7 25. Qd3 Rc8 26. Kb1 Bxc4 27. Qc3 Bxf1 28. Rxf1 Qxc3 29. Rdf2 f6 30. g5 Qxe3 31. gxf6 Qxe4+ 32.
Ka1 Bxf6 33. Rd2 Qb4 34. Rfd1 a3 35. b3 e4+ 36. Kb1 Qc3 37. Rd8+ Rxd8 38. Rxd8+ Bxd8 0-1

[Event "*** Titled Tuesday Blitz"]
[Site "Chess.com"]
[Date "2020.11.10"]
[Round "10"]
[White "biostatistician"]
[Black "tdf98pantani"]
[Result "0-1"]
[WhiteElo "2535"]
[BlackElo "2723"]
[TimeControl "180+1"]
[EndTime "12:02:26 PST"]
[Termination "tdf98pantani won on time"]

1. d4 Nf6 2. Nf3 g6 3. c4 Bg7 4. Nc3 O-O 5. e4 d6 6. Be2 e5 7.
dxe5 dxe5 8. Qxd8 Rxd8 9. Bg5 Rf8 10. Nd5 Nxd5 11. cxd5 c6 12. Bc4 cxd5 13. Bxd5 Nd7 14. Nd2 Nb6 15. Bb3 Bd7 16. Rc1 Bc6 17. f3 Rfc8 18. Kf2 Bf8 19. Be3 Bb5 20. h4 Na4 21. Bxa4 Bxa4 22. Nc4 f6 23. b3 Bd7 24. Rhd1 Be6 25.
Na5 b6 26. Nc4 Rc6 27. Rd3 Rac8 28. Rcd1 Bxc4 29. bxc4 Rxc4 30. R1d2 Rc2 31. Kg3 Rxd2 32. Rxd2 Rc7 33. h5 Kf7 34. Kg4 Be7 35. g3 Ke6 36. f4 f5+ 37. Kf3 Rc3 38. hxg6 hxg6 39. exf5+ gxf5 40. Ke2 e4 41. Kf2 Ra3 42. Bd4 b5 43.
Rc2 Kd5 44. Be5 Bc5+ 45. Kg2 a5 46. Rd2+ Rd3 47. Rc2 a4 48. Rb2 b4 49. Rc2 b3 50.
axb3 axb3 51. Rb2 Ba3 52. Re2 Bc1 53. Kh3 Rd2 0-1

[Event "*** Titled Tuesday Blitz"]
[Site "Chess.com"]
[Date "2020.11.10"]
[Round "10"]
[White "GMKrikor"]
[Black "IMRosen"]
[Result "0-1"]
[WhiteElo "2769"]
[BlackElo "2581"]
[TimeControl "180+1"]
[EndTime "12:02:26 PST"]
[Termination "IMRosen won by resignation"]

1. e4 e5 2. Bc4 Nf6 3. d3 Nc6 4. Nc3 Na5 5. Qf3 Be7 6. Nge2 d6 7. h3 O-O 8. Ng3 c6 9. a4 Nxc4 10. dxc4 Be6 11. b3 d5 12. Nf5 Bxf5 13. exf5 e4 14. Qg3 Bd6 15. Qe3 Be5 16. Qd2 e3 17. fxe3 Bxc3 18. Qxc3 Ne4 19. Qe5 Qh4+ 20. g3 Nxg3 21. Bb2 Nxh1+ 22. Kd2 Qf2+ 23. Kd3 dxc4+ 24. Kxc4 Qxc2+ 25. Kb4 f6 26. Qe6+ Kh8 27. Bd4 b6 28.
Ka3 c5 29. Bxf6 Rxf6 30. Qd5 Re8 31. Rxh1 Qe4 32. Qd7 Qe7 33. Qd5 c4+ 34. Ka2 cxb3+ 35. Kb1 Qe4+ 36. Qxe4 Rxe4 37. Rd1 h6 38. Rd8+ Kh7 39.
Rd4 Rxd4 0-1

[Event "*** Titled Tuesday Blitz"]
[Site "Chess.com"]
[Date "2020.11.10"]
[Round "10"]
[White "DenisQ"]
[Black "kirillshevchenko"]
[Result "1-0"]
[WhiteElo "2657"]
[BlackElo "2839"]
[TimeControl "180+1"]
[EndTime "12:02:27 PST"]
[Termination "DenisQ won on time"]

1. Nf3 Nf6 2. c4 g6 3. Nc3 Bg7 4. g3 O-O 5. Bg2 d6 6. O-O Nbd7 7. Rb1 e5 8. b4 Nh5 9. d3 f5 10. Bg5 Ndf6 11. Qb3 Kh8 12. Nd5 h6 13. Nxf6 hxg5 14. Nxh5 gxh5 15. Nd2 c6 16. b5 c5 17. e3 g4 18. f4 h4 19. Rbe1 hxg3 20. hxg3 exf4 21. gxf4 Qh4 22. Re2 Rf6 23. Rff2 Rh6 24. Nf1 Bd7 25.
Bxb7 Rb8 26. Rh2 Qf6 27. Rxh6+ Bxh6 28. Bd5 Re8 29. Qb2 Kg7 30. a4 Qxb2 31. Rxb2 Kf8 32. a5 Bg7 33. Rb3 Bc8 34. b6 axb6 35. axb6 Bd7 36.
b7 Rb8 37. Ra3 1-0

[Event "*** Titled Tuesday Blitz"]
[Site "Chess.com"]
[Date "2020.11.10"]
[Round "10"]
[White "Gogolev_Artemy"]
[Black "QuintilianoR"]
[Result "0-1"]
[WhiteElo "2494"]
[BlackElo "2682"]
[TimeControl "180+1"]
[EndTime "12:02:27 PST"]
[Termination "QuintilianoR won on time"]

1. Nf3 Nf6 2. c4 e6 3. g3 d5 4. Bg2 Be7 5. O-O O-O 6. d4 dxc4 7.
Qc2 a6 8. Qxc4 b5 9. Qc2 Bb7 10. Bg5 Nbd7 11. Bxf6 Nxf6 12. Nbd2 Rc8 13. Nb3 Be4 14.
Qc1 c5 15. dxc5 Bd5 16. Rd1 Qc7 17. Qe3 Bxb3 18. Qxb3 Bxc5 19. e3 Qb6 20. Nd4 Bxd4 21. Rxd4 Rfd8 22. Rxd8+ Rxd8 23. a4 g6 24. axb5 axb5 25.
Bf3 h5 26. Kg2 Qc5 27. Ra5 Rd2 28. Rxb5 Qc1 29. Rb8+ Kg7 30. e4 Qe1 31. Qb6 Nxe4 32. Bxe4 Qxe4+ 33. Kh3 Qf5+ 34. Kg2 Qd5+ 35. Kh3 Qh1 36. Qe3 Qf1+ 37. Kh4 Qc4+ 38. f4 Rxh2+ 0-1

[Event "*** Titled Tuesday Blitz"]
[Site "Chess.com"]
[Date "2020.11.10"]
[Round "10"]
[White "Gulkov_Igor"]
[Black "nicoderboss24"]
[Result "1-0"]
[WhiteElo "2459"]
[BlackElo "2254"]
[TimeControl "180+1"]
[EndTime "12:02:27 PST"]
[Termination "Gulkov_Igor won by resignation"]

1. Nf3 d5 2. d4 e6 3. c4 c5 4. cxd5 exd5 5. g3 Nc6 6. Bg2 c4 7. O-O Bb4 8. Nc3 Nge7 9. e4 dxe4 10. Nxe4 O-O 11. Be3 Nd5 12. Qc2 Bf5 13. Nh4 Bxe4 14.
Bxe4 g6 15. Qxc4 Nxe3 16. fxe3 Qe7 17. Bxc6 bxc6 18. Ng2 c5 19. a3 Bd2 20. Qd3 Ba5 21.
dxc5 Rad8 22. Qb5 Bd2 23. b4 Bxe3+ 24. Kh1 Rd2 25. Rae1 Qe4 26. Re2 Qd5 27. Rxd2 Qxd2 28. Qc4 Bg5 29. c6 Qd6 30. a4 Bd8 31. b5 Bc7 32.
Nf4 h5 33. Nd5 Bb8 34. c7 h4 35.
cxb8=Q Rxb8 36. Qc6 Qe5 37. Nf4 hxg3 38. hxg3 Kg7 39.
Qf3 Rh8+ 40. Kg2 Qb2+ 41. Rf2 Qc1 42. Rf1 Qb2+ 43. Ne2 Qa2 44. Qc3+ Kg8 45. Qf3 Kg7 46. g4 Qd5 47. Qxd5 1-0

[Event "*** Titled Tuesday Blitz"]
[Site "Chess.com"]
[Date "2020.11.10"]
[Round "10"]
[White "zurzan"]
[Black "VladimirBugayev"]
[Result "0-1"]
[WhiteElo "2061"]
[BlackElo "2251"]
[TimeControl "180+1"]
[EndTime "12:02:28 PST"]
[Termination "VladimirBugayev won on time"]

1. f4 d5 2. Nf3 Bg4 3. e3 e6 4. Be2 Bxf3 5. Bxf3 f5 6. O-O c6 7. d3 Nf6 8. Nc3 Bb4 9. Bd2 O-O 10. a3 Bxc3 11.
Bxc3 Nbd7 12. h3 Qb6 13. Qe2 Rae8 14. Kh2 e5 15. fxe5 Nxe5 16. Rae1 f4 17. e4 d4 18. Bd2 g5 19. Bh5 Re7 20. h4 h6 21. hxg5 hxg5 22. Bxf4 gxf4 23. Rxf4 Rh7 24. g4 Nxh5 25. Rxf8+ Kxf8 26. gxh5 Qc7 27. Rf1+ Nf7+ 28. e5 Ke7 29. Rf5 Qd7 30.
Qg4 Qe6 31. Kh3 Nxe5 32. Qg5+ Kd6 33. Kh4 Nd7 34. c4 dxc3 35. d4 Kc7 36. Qf4+ Kb6 37. bxc3 Qe7+ 38. Kg3 Qe1+ 39. Kf3 Rg7 0-1

[Event "*** Titled Tuesday Blitz"]
[Site "Chess.com"]
[Date "2020.11.10"]
[Round "10"]
[White "SaqoChess_Twitch"]
[Black "Pavlov_Sergey"]
[Result "0-1"]
[WhiteElo "2450"]
[BlackElo "2604"]
[TimeControl "180+1"]
[EndTime "12:02:29 PST"]
[Termination "Pavlov_Sergey won by resignation"]

1. d4 Nf6 2. c4 e6 3. Nc3 Bb4 4. a3 Bxc3+ 5. bxc3 c6 6. e3 d5 7. Bd3 e5 8. dxe5 dxc4 9. exf6 cxd3 10. fxg7 Rg8 11. Qh5 Rxg7 12. Qe5+ Kf8 13. Nf3 Rxg2 14. a4 Kg8 15. c4 Nd7 16. Qd4 Qf6 17. Bb2 Qxd4 18.
Bxd4 c5 19. Bc3 Nb6 20. Ne5 Bf5 21. a5 Nd7 22. Nxd7 Bxd7 23. Kd2 Rxf2+ 24. Kxd3 Rd8 25.
Rag1+ Kf8 26. Bg7+ Ke7 27. Kc3 Bf5 28. Rd1 Rc2+ 29. Kb3 Rxd1 30. Rxd1 Rg2 31. Rd5 Be6 32. Rxc5 Rxg7 33. Rc7+ Kd6 34. Rxb7 a6 35. Rb6+ Kc5 36.
Kc3 Bxc4 37. Rb7 Bb5 38. Rc7+ Kd6 39. Ra7 h5 40. Kd4 h4 41. e4 h3 42. Ra8 Ke6 43. Rh8 Bf1 44. Ke3 Rg5 45. Kf2 Bg2 46. Rh6+ Rg6 47.
Rh5 Rf6+ 48. Ke3 Rf3+ 49. Kd4 Rf4 50. Rh6+ f6 51. Kd3 Rxe4 52. Rh8 Ra4 53. Re8+ Kf5 54. Ke3 Rxa5 55. Kf2 Ra2+ 56. Kg3 Ra3+ 57. Kh4 Rf3 58. Rg8 Rf4+ 59. Kh5 Bf3+ 60. Kh6 Rh4+ 61. Kg7 Rg4+ 62. Kh7 Rxg8 63. Kxg8 a5 0-1

[Event "*** Titled Tuesday Blitz"]
[Site "Chess.com"]
[Date "2020.11.10"]
[Round "10"]
[White "AliKa2810"]
[Black "Andrii_Prydun"]
[Result "1-0"]
[WhiteElo "2570"]
[BlackElo "2376"]
[TimeControl "180+1"]
[EndTime "12:02:29 PST"]
[Termination "AliKa2810 won by checkmate"]

1. d4 d5 2. c4 c6 3. cxd5 cxd5 4. Bg5 Nf6 5. Bxf6 gxf6 6. Nc3 e6 7. Nf3 Nc6 8. e3 Rg8 9. g3 Qb6 10. Qd2 Bd7 11.
Bd3 f5 12. Rc1 Na5 13. O-O f6 14. Bxf5 exf5 15. Nxd5 Qd6 16. Qxa5 Rd8 17. Nc7+ Kf7 18. Nh4 Rg5 19. f4 Rh5 20. Qd5+ Qxd5 21. Nxd5 Bc6 22. Nc3 Bb4 23. Kf2 a5 24. a3 Be7 25. Rfd1 Bd7 26. d5 Bd6 27. Ne2 a4 28. Nd4 Ra8 29.
Ndxf5 Bxf5 30. Nxf5 Rxf5 31. g4 Rxf4+ 32. exf4 Bxf4 33.
Rc4 Bxh2 34. d6 Ke8 35. Rc7 Rd8 36. Rxh7 Rxd6 37. Rxd6 Bxd6 38. Rxb7 Be5 39. Kf3 Kd8 40. Ke4 Kc8 41. Rb4 Kd7 42. g5 Ke6 43. Rb6+ Kf7 44.
Kf5 Bd4 45. Rb7+ Kf8 46. gxf6 Bc5 47. Ke6 Ke8 48. Rb8# 1-0

[Event "*** Titled Tuesday Blitz"]
[Site "Chess.com"]
[Date "2020.11.10"]
[Round "10"]
[White "kasparicy"]
[Black "nochewycandy"]
[Result "0-1"]
[WhiteElo "2395"]
[BlackElo "2530"]
[TimeControl "180+1"]
[EndTime "12:02:29 PST"]
[Termination "nochewycandy won by resignation"]

1. e4 g6 2. d4 Bg7 3. Nc3 d6 4. Be2 a6 5. h4 Nf6 6. h5 c5 7. Be3 gxh5 8. dxc5 Qa5 9. Qd2 dxc5 10. O-O-O Nc6 11. Kb1 Be6 12. f3 Nd7 13. Nd5 Qxd2 14. Nc7+ Kd8 15. Nxe6+ fxe6 16. Rxd2 Kc7 17. Rxh5 b6 18.
Nh3 h6 19. Nf4 Nf8 20. Bc4 Bd4 21. Bxd4 Nxd4 22. c3 Nc6 23. Bxe6 Rd8 24. Nd5+ Kb7 25. Bh3 e6 26. c4 exd5 27. cxd5 Nd4 28. b4 Ng6 29.
bxc5 bxc5 30. d6 Kc6 31. d7 Nf4 32. Rh4 Nxh3 33. Rxh3 Rxd7 34. f4 Re7 35. e5 Kd5 36.
g3 Rb7+ 37. Kc1 Rhb8 38. Rdh2 Rb1+ 39. Kd2 R8b2+ 40. Kc3 Rb4 41. Rxh6 Rc1+ 42. Kd3 Rd1+ 43. Kc3 Rc4+ 44. Kb2 Rb4+ 45. Kc3 Nf5 46. Rh8 Rc1+ 47. Kd2 Ra1 48. Kc3 Rc4+ 49. Kb2 Rg1 50. Rd2+ Ke4 51. e6 Rxg3 52. e7 Nxe7 53. Re8 Rb4+ 54. Kc2 Rb7 55. Re2+ Re3 56. Rxe3+ Kxe3 57. f5 Kf4 58. f6 Nd5 59. Re6 Kf5 60. Rxa6 Nb4+ 61. Kc3 Nxa6 62. Kc4 Kxf6 0-1

[Event "*** Titled Tuesday Blitz"]
[Site "Chess.com"]
[Date "2020.11.10"]
[Round "10"]
[White "CzechmVIII"]
[Black "canary2016"]
[Result "1-0"]
[WhiteElo "2129"]
[BlackElo "2006"]
[TimeControl "180+1"]
[EndTime "12:02:29 PST"]
[Termination "CzechmVIII won by checkmate"]

1. e4 e5 2. Nf3 Nf6 3. Nxe5 d6 4. Nf3 Nxe4 5. Nc3 Nxc3 6. dxc3 Be7 7. Bf4 O-O 8. Qd2 Nd7 9. O-O-O Nf6 10. Kb1 c5 11.
Bd3 Be6 12. Ng5 h6 13. Nxe6 fxe6 14. Bg6 Nd5 15. Bg3 Rf6 16. Be4 Nc7 17. Bxd6 Bxd6 18. Qxd6 Qxd6 19. Rxd6 Rxf2 20. Bxb7 Rb8 21. Bf3 e5 22. c4 Rb4 23. b3 Rb8 24. Rd7 Ne6 25. Bd5 Re8 26. Re1 Kh7 27. Rxe5 Rf1+ 28. Kb2 Nc7 29.
Be4+ Kg8 30. Rxe8+ Nxe8 31. Bg6 Re1 32. Rd8 Kf8 33.
a4 Re2 34. Ka3 Re3 35. c3 a5 36. Rxe8+ Rxe8 37. Bxe8 Kxe8 38. b4 cxb4+ 39. cxb4 axb4+ 40. Kxb4 g5 41. Kc5 h5 42. a5 g4 43. a6 h4 44. a7 g3 45. hxg3 hxg3 46. a8=Q+ Kf7 47. Qf3+ Kg7 48. Qxg3+ Kh8 49. Kd5 Kh7 50. Ke6 Kh6 51. Kf6 Kh5 52. Qg5# 1-0

[Event "*** Titled Tuesday Blitz"]
[Site "Chess.com"]
[Date "2020.11.10"]
[Round "10"]
[White "maximnovik"]
[Black "Vamostodorecto"]
[Result "0-1"]
[WhiteElo "2495"]
[BlackElo "2383"]
[TimeControl "180+1"]
[EndTime "12:02:30 PST"]
[Termination "Vamostodorecto won on time"]

1. d4 Nf6 2. Bg5 Ne4 3. Bh4 c5 4. f3 Qa5+ 5. c3 g5 6. fxe4 gxh4 7. e3 Bh6 8. Na3 Qc7 9. Nb5 Qb6 10. Qh5 Bxe3 11.
Bc4 Rf8 12. Nf3 a6 13. Bxf7+ Kd8 14. Ke2 Bf4 15. a4 axb5 16. dxc5 Qf6 17. Bd5 Rxa4 18.
Rxa4 bxa4 19. Rd1 Qg6 20. Qxg6 hxg6 21. Nxh4 Rf6 22. g3 Bc7 23. Nf3 Na6 24. e5 Rf8 25.
Be4 Nxc5 26. Bxg6 b5 27. Nd4 Ba6 28. e6 Rf6 29. Bf7 b4+ 30. Ke3 bxc3 31. bxc3 Bb6 32. g4 Nxe6 33. Bxe6 Rxe6+ 34. Kf4 Rd6 35. g5 Rd5 36. h4 e5+ 37. Ke4 Bb7 0-1